 Dungeon Crawl Stone Soup version 0.24-a0-778-g74da537585 (webtiles) character file.

Game seed: 1292583604730094327, levelgen mode: deterministic

1891892 Gall2222 the Conqueror (level 27, 231/298 HPs)
             Began as a Formicid Fighter on Oct 7, 2019.
             Was an Initiate of Gozag.
             Escaped with the Orb
             ... and 3 runes!
             The game lasted 01:30:03 (59614 turns).

Gall2222 the Conqueror (Formicid Fighter)          Turns: 59614, Time: 01:30:03

Health: 231/298    AC: 50    Str: 17    XL:     27
Magic:  23/23      EV:  8    Int: 22    God:    Gozag
Gold:   1260       SH: 33    Dex:  8    Spells: 26/26 levels left

rFire    + + .     SeeInvis +   i - +7 battleaxe of Agoup {vamp, rC- MR+ Int+6}
rCold    + + .     Gourm    .   T - +18 shield of the Gong {rElec rN+ MR+ EV-5}
rNeg     + + .     Faith    .   b - +15 Maxwell's patent armour {-Cast -Tele rElec MR+ rCorr}
rPois    +         Spirit   .   (helmet unavailable)
rElec    +         Reflect  +   D - +2 cloak {rC+}
rCorr    +         Harm     .   Q - +3 pair of gauntlets of War {Slay+5}
MR       +++++     Clarity  +   V - +2 pair of boots {Fly} Stlth ..........NoCast +
                                X - amulet of the Grey Skies {Reflect rF+ MR+++ Int-3 Slay+2 SH+2}
HPRegen  0.59/turn              C - ring of poison resistance
MPRegen  0.18/turn              B - ring "Saagheag" {Wiz rPois rC++ rN+ Str-4}

@: flying, studying Ice Magic
A: permanent stasis, dig shafts and tunnels, four strong arms, antennae 3,
clarity, clumsy 1, fire resistance 1, robust 2, weak 1
0: Orb of Zot
}: 3/15 runes: serpentine, barnacled, silver
a: Dig, Shaft Self, Potion Petition, Call Merchant, Bribe Branch, Renounce
Religion, Stop Flying


You escaped.
You worshipped Gozag.
Gozag was most pleased with you.
You were not hungry.

You visited 9 branches of the dungeon, and saw 49 of its levels.
You also visited: Ossuary, Bailey, Ice Cave and Wizlab.

You collected 32823 gold pieces.
You spent 6494 gold pieces at shops.
You paid 25069 gold pieces to Gozag.

Inventory:

Hand Weapons
 i - the +7 battleaxe of Agoup (weapon) {vamp, rC- MR+ Int+6}
   (You bought it in a shop on level 2 of the Orcish Mines)

   It inflicts no extra harm, but heals its wielder when it wounds a living foe.
   It affects your intelligence (+6).
   It makes you vulnerable to cold.
   It affects your resistance to hostile enchantments.
Missiles
 I - 2 throwing nets (quivered)
Armour
 b - the +15 Maxwell's patent armour (worn) {-Cast -Tele rElec MR+ rCorr}
   (You found it on level 2 of the Snake Pit)

   It insulates you from electricity.
   It affects your resistance to hostile enchantments.
   It prevents spellcasting.
   It prevents most forms of teleportation.
   It provides partial protection from all sources of acid and corrosion.
 x - the +0 pair of boots of Pudoaz {rC+ rN+}
   (You bought it in a shop on level 5 of the Depths)

   It protects you from cold.
   It protects you from negative energy.
 D - a +2 cloak of cold resistance (worn)
 Q - the +3 pair of gauntlets of War (worn) {Slay+5}
   (You found it on level 3 of the Elven Halls)

   It affects your accuracy and damage with ranged weapons and melee attacks
   (+5).
 R - the +3 large shield of Alujaew {+Fly MR+ Dex-3}
   (You found it in a bailey)

   It affects your dexterity (-3).
   It affects your resistance to hostile enchantments.
   It lets you fly.
 T - the +18 shield of the Gong (worn) {rElec rN+ MR+ EV-5}
   (You bought it in a shop on level 2 of the Orcish Mines)

   It affects your evasion (-5).
   It insulates you from electricity.
   It protects you from negative energy.
   It affects your resistance to hostile enchantments.
 V - a +2 pair of boots of flying (worn)
Jewellery
 t - an uncursed ring of protection from fire
 u - a +5 ring of protection
 A - an uncursed ring of protection from cold
 B - the ring "Saagheag" (right hand) {Wiz rPois rC++ rN+ Str-4}
   (You found it on level 5 of the Vaults)

   [ring of wizardry]

   It improves your spell success rate.
   It affects your strength (-4).
   It greatly protects you from cold.
   It protects you from poison.
   It protects you from negative energy.
 C - a ring of poison resistance (left hand)
 M - the amulet of Vitality {Regen+ HP+15}
   (You took it off a yaktaur captain on level 5 of the Vaults)

   [amulet of regeneration]

   It affects your health (+15).
   It increases your rate of regeneration.
 X - the amulet of the Grey Skies (around neck) {Reflect rF+ MR+++ Int-3 Slay+2 SH+2}
   (You bought it in a shop on level 2 of the Orcish Mines)

   [amulet of reflection]

   It shields you and reflects attacks.
   It affects your intelligence (-3).
   It affects your accuracy and damage with ranged weapons and melee attacks
   (+2).
   It protects you from fire.
   It affects your resistance to hostile enchantments.
   It affects your SH (+2).
Wands
 c - a wand of acid (45)
 h - a wand of scattershot (8)
 j - a wand of enslavement (26)
 s - a wand of paralysis (32)
 E - a wand of clouds (14)
 J - a wand of digging (20)
 S - a wand of disintegration (22)
Scrolls
 e - 3 scrolls of amnesia
 m - 17 scrolls of identify
 n - 19 scrolls of remove curse
 p - 7 scrolls of fear
 y - 11 scrolls of magic mapping
 F - 7 scrolls of enchant weapon
 H - 3 scrolls of silence
 K - 14 scrolls of fog
 N - 3 scrolls of brand weapon
 Y - a scroll of enchant armour
 Z - 4 scrolls of summoning
Potions
 a - 19 potions of mutation
 d - a potion of might
 g - 21 potions of curing
 k - 2 potions of cancellation
 o - 6 potions of brilliance
 q - 11 potions of flight
 w - 2 potions of magic {unknown}
 z - 5 potions of lignification
 G - 2 potions of invisibility
 O - 3 potions of agility
 P - 2 potions of ambrosia
Books
 r - a manual of Ice Magic
 v - a manual of Ice Magic
Comestibles
 f - 44 rations


   Skills:
 O Level 27 Fighting
   Level 6.7 Long Blades
 - Level 26.0 Axes
 O Level 27 Armour
 + Level 18.0 Dodging
 - Level 15.0 Shields


You had 26 spell levels left.
You didn't know any spells.
Your spell library contained the following spells:

 Spells                   Type           Power        Failure   Level  Hunger
 Animate Skeleton         Necr           N/A          32%         1    ##.....
 Apportation              Tloc           #.....       32%         1    ##.....
 Confusing Touch          Hex            #.....       32%         1    ##.....
 Flame Tongue             Conj/Fire      #....        32%         1    ##.....
 Freeze                   Ice            #...         32%         1    ##.....
 Infusion                 Chrm           #...         32%         1    ##.....
 Magic Dart               Conj           #...         32%         1    ##.....
 Pain                     Necr           #...         32%         1    ##.....
 Shock                    Conj/Air       #...         32%         1    ##.....
 Sting                    Conj/Pois      #...         32%         1    ##.....
 Summon Butterflies       Summ           #.......     32%         1    ##.....
 Summon Small Mammal      Summ           #...         32%         1    ##.....
 Call Imp                 Summ           #.......     45%         2    ###....
 Corpse Rot               Necr           N/A          45%         2    ###....
 Ensorcelled Hibernation  Hex/Ice        #.....       45%         2    ###....
 Poisonous Vapours        Pois/Air       #.....       45%         2    ###....
 Searing Ray              Conj           #.....       45%         2    ###....
 Shroud of Golubria       Chrm/Tloc      #.....       45%         2    ###....
 Slow                     Hex            #.......     45%         2    ###....
 Song of Slaying          Chrm           #.......     45%         2    ###....
 Sublimation of Blood     Necr           #.........   45%         2    ###....
 Swiftness                Chrm/Air       #.......     45%         2    ###....
 Throw Flame              Conj/Fire      #.....       45%         2    ###....
 Throw Frost              Conj/Ice       #.....       45%         2    ###....
 Call Canine Familiar     Summ           #.......     69%         3    ####...
 Conjure Flame            Conj/Fire      #.......     69%         3    ####...
 Gell's Gravitas          Tloc           #.........   69%         3    ####...
 Ignite Poison            Fire/Tmut/Pois #.......     69%         3    ####...
 Lesser Beckoning         Tloc           #.........   69%         3    ####...
 Mephitic Cloud           Conj/Pois/Air  #.......     69%         3    ####...
 Portal Projectile        Hex/Tloc       #.....       69%         3    ####...
 Recall                   Summ/Tloc      N/A          69%         3    ####...
 Regeneration             Chrm/Necr      #.........   69%         3    ####...
 Spectral Weapon          Hex/Chrm       #.......     69%         3    ####...
 Stone Arrow              Conj/Erth      #.....       69%         3    ####...
 Summon Guardian Golem    Hex/Summ       #.......     69%         3    ####...
 Teleport Other           Tloc           #.......     69%         3    ####...
 Vampiric Draining        Necr           #.........   69%         3    ####...
 Animate Dead             Necr           N/A          96%         4    #####..
 Cause Fear               Hex            #.........   96%         4    #####..
 Force Lance              Conj/Tloc      #.......     96%         4    #####..
 Ice Form                 Ice/Tmut       #.......     96%         4    #####..
 Leda's Liquefaction      Hex/Erth       #.........   96%         4    #####..
 Olgreb's Toxic Radiance  Pois           #.......     96%         4    #####..
 Petrify                  Tmut/Erth      #.......     96%         4    #####..
 Summon Ice Beast         Ice/Summ       #.......     96%         4    #####..
 Summon Lightning Spire   Summ/Air       #.......     96%         4    #####..
 Agony                    Necr           #.......     100%        5    ######.
 Alistair's Intoxication  Tmut/Pois      #.......     100%        5    ######.
 Bolt of Draining         Conj/Necr      #.........   100%        5    ######.
 Bolt of Magma            Conj/Fire/Erth #.........   100%        5    ######.
 Borgnjor's Vile Clutch   Necr/Erth      #.........   100%        5    ######.
 Dispel Undead            Necr           #.......     100%        5    ######.
 Excruciating Wounds      Chrm/Necr      #.........   100%        5    ######.
 Irradiate                Conj/Tmut      #.........   100%        5    ######.
 Iskenderun's Battlesphe  Conj/Chrm      #.......     100%        5    ######.
 Lightning Bolt           Conj/Air       #.........   100%        5    ######.
 Silence                  Hex/Air        #.........   100%        5    ######.
 Summon Forest            Summ/Tloc      #.........   100%        5    ######.
 Summon Mana Viper        Hex/Summ       #.......     100%        5    ######.
 Venom Bolt               Conj/Pois      #.........   100%        5    ######.
 Bolt of Fire             Conj/Fire      #.........   100%        6    #######
 Conjure Ball Lightning   Conj/Air       #.........   100%        6    #######
 Darkness                 Hex            #.........   100%        6    #######
 Death Channel            Necr           #.........   100%        6    #######
 Deflect Missiles         Chrm/Air       #.........   100%        6    #######
 Dispersal                Tloc           #.........   100%        6    #######
 Hydra Form               Tmut           #.........   100%        6    #######
 Iron Shot                Conj/Erth      #.........   100%        6    #######
 Ozocubu's Refrigeration  Ice            #.........   100%        6    #######
 Shadow Creatures         Summ           N/A          100%        6    #######
 Simulacrum               Ice/Necr       #.........   100%        6    #######
 Statue Form              Tmut/Erth      #........    100%        6    #######
 Dragon Form              Tmut           #.........   100%        7    #######
 Haunt                    Necr/Summ      #.........   100%        7    #######
 Orb of Destruction       Conj           #.........   100%        7    #######
 Ring of Flames           Chrm/Fire      #.........   100%        7    #######
 Spellforged Servitor     Conj/Summ      #.........   100%        7    #######
 Summon Hydra             Summ           #.........   100%        7    #######
 Borgnjor's Revivificati  Necr           #.........   100%        8    #######
 Death's Door             Chrm/Necr      #.........   100%        8    #######
 Disjunction              Tloc           #.........   100%        8    #######
 Infestation              Necr           #.........   100%        8    #######
 Necromutation            Tmut/Necr      #.........   100%        8    #######
 Dragon's Call            Summ           #.........   100%        9    #######
 Tornado                  Air            #.........   100%        9    #######
 Blink                    Tloc           Unusable     N/A         2    N/A
 Passage of Golubria      Tloc           Unusable     N/A         4    N/A
 Controlled Blink         Tloc           Unusable     N/A         8    N/A

Dungeon Overview and Level Annotations

Branches:
Dungeon (15/15)            Temple (0/1) D:6            Lair (6/6) D:10
 Shoals (4/4) Lair:2        Snake (4/4) Lair:4        Slime (0/5) Lair:6
    Orc (2/2) D:12            Elf (3/3) Orc:2        Vaults (5/5) D:13
  Crypt (0/3) Vaults:3     Depths (5/5) D:15            Zot (5/5) Depths:5
Ossuary (visited)          Bailey (visited)           IceCv (visited)
 WizLab (visited)

Altars:
Cheibriados
Elyvilon
Gozag
Hepliaklqana
Kikubaaqudgha
Qazlal
Sif Muna
Trog
Wu Jian
Xom
Beogh
Jiyva

Shops:
D:12 (   D:14 (!([(   Orc:1 *   Orc:2 *(*:((?[[(=[   Elf:1 (   Elf:2 (
Elf:3 =%!*(   Shoals:1 (   Shoals:3 *   Snake:2 (   Vaults:4 *   Vaults:5 ?
Zot:2 (   Depths:4 ?   Depths:5 **[

Portals:
Hell: Depths:1 Depths:2 Depths:3 Depths:4 Depths:5
Abyss: Depths:1 Depths:4
Pandemonium: Depths:1 Depths:2 Depths:3
Ziggurat: Depths:1

Annotations:
Lair:4 exclusion: 4 oklob plants
Lair:6 2 exclusions


Innate Abilities, Weirdness & Mutations

You cannot be hasted, slowed, berserked, paralysed or teleported.
You can dig through walls and to a lower floor.
Your four strong arms can wield two-handed weapons with a shield.
You have a pair of large antennae on your head. (SInv)
You possess an exceptional clarity of mind.
You are clumsy. (Dex -2)
Your flesh is heat resistant. (rF+)
You are very robust. (+20% HP)
You are weak. (Str -2)


Message History

(D) Dungeon (T) Temple (L) Lair (A) Shoals (P) Snake Pit (M) Slime Pits (O) Orcish Mines (E) Elven Halls (V) Vaults (C) Crypt (U) Depths (H) Hell (Z) Zot
Where to? (Enter - D:1 @ (x,y), ? - help)
You feel a little less mighty now.
Unknown command.
There is a stone staircase leading up here.
You start resting.
A demonic crawler comes into view.
You fly upwards.
There is a stone staircase leading down here.
(D) Dungeon (T) Temple (L) Lair (A) Shoals (P) Snake Pit (M) Slime Pits (O) Orcish Mines (E) Elven Halls (V) Vaults (C) Crypt (U) Depths (H) Hell (Z) Zot
Where to? (Enter - D:1 @ (x,y), ? - help)
There is a staircase leading out of the dungeon here.
There is a staircase leading out of the dungeon here.
You have escaped!

.....##.#....##....###...♣≈≈≈♣...
.######.#....#####.# ##.≈≈≈≈♣♣♣..
.# #.#....# #.###.P≈♣≈≈♣..#.
.######.#...## #.....♣♣≈≈♣♣..#.
........##..## ##.....♣≈≈≈..P#.
..########...## #.###.P♣≈P.P##.
..#########...#####.##......♣###.
..#.....# ###.'..##.#.#..P.......
..#.###########.@##.##..#..P####.
....# #......'.....##..#######..
..### #......#..#..##..# #... ..#
#......#####.....### ##(. ..#
#.#.#### #.......# ##. ..# #...#
#.##.##.# #. ### ###.# #.##.##.#
#. # ##)#### #.#.#.#.# ##' ##
#.....# #..###..# ##..


There were no monsters in sight!

Vanquished Creatures
  6 ancient liches
  12 orbs of fire
  2 pandemonium lords
  Sojobo (Depths:3)
  3 Killer Klowns (Zot:5)
  Saint Roka (Orc:2)
  Vashnia (Snake:2)
  3 curse toes
  2 caustic shrikes (Depths:2)
  11 golden dragons
  A mutant beast (WizLab)
  A Tzitzimitl (D:4)
  5 electric golems
  2 Brimstone Fiends
  A Hell Sentinel (D:15)
  An Ice Fiend (D:11)
  25 tentacled monstrosities
  29 Orb Guardians
  Asterion (Vaults:3)
  6 quicksilver dragons
  8 liches
  A deep elf master archer (Elf:3)
  3 deep elf blademasters
  6 titans
  10 acid blobs (Zot:4)
  A kraken (Shoals:4)
  5 death cobs
  3 sphinxes
  Agnes (Elf:1)
  9 tengu reavers
  10 storm dragons
  A revenant (Vaults:3)
  Donald (Vaults:3)
  8 nagarajas
  17 fire giants
  6 shadow dragons
  11 draconian monks
  The ghost of Mame the Severer, a journeyman HOFi of Beogh (Snake:2)
  15 vault wardens
  6 draconian scorchers
  3 deep elf sorcerers
  10 frost giants
  3 ghost moths
  3 blood saints
  6 iron dragons
  12 draconian knights
  4 draconian stormcallers
  A balrug (Depths:5)
  2 deep elf elementalists (Elf:3)
  Louise (Snake:1)
  22 very ugly things
  10 draconian annihilators
  12 ironheart preservers
  11 draconian shifters
  19 stone giants
  5 war gargoyles
  3 entropy weavers
  8 deep elf demonologists
  4 vampire knights
  4 spriggan defenders
  An entropy weaver (shapeshifter) (Vaults:5)
  5 purple draconians
  A corrupter (D:3)
  15 black draconians
  13 green draconians
  16 yellow draconians
  9 spark wasps (Depths:4)
  14 white draconians
  9 red draconians
  6 deep elf annihilators
  5 deep elf death magi
  18 ettins
  2 blizzard demons
  10 fire dragons
  3 merfolk impalers
  A green death (D:15)
  3 deep elf high priests
  A crystal guardian (Vaults:4)
  2 merfolk javelineers
  8 great orbs of eyes
  11 yaktaur captains
  35 vault guards
  A hell beast (Zot:3)
  19 naga warriors
  9 ice dragons
  4 spriggan air magi
  An ice dragon (shapeshifter) (WizLab)
  8 hydras
  15 centaur warriors
  2 monstrous demonspawn (D:15)
  2 death knights
  9 rakshasas
  An alligator snapping turtle (Shoals:4)
  3 anacondas
  4 merfolk avatars
  2 merfolk aquamancers
  18 ogre magi
  35 two-headed ogres
  10 deep troll shamans
  4 satyrs
  An alligator snapping turtle (shapeshifter) (WizLab)
  4 tengu warriors
  2 death yaks
  8 shock serpents
  13 deep troll earth magi
  15 naga sharpshooters
  12 spriggan berserkers
  18 deep elf knights
  A vampire mage (Depths:3)
  A shock serpent (shapeshifter) (Vaults:2)
  A fire crab (shapeshifter) (WizLab)
  An iron golem (WizLab)
  6 iron trolls
  32 slime creatures
  3 sun demons
  2 salamander mystics (Snake:4)
  A sixfirhy (Zot:5)
  4 skeletal warriors (Vaults:2)
  2 death drakes (Depths:5)
  2 shadow wraiths
  A glowing orange brain (Depths:4)
  14 sea snakes
  An unseen horror (shapeshifter) (WizLab)
  A death drake (shapeshifter) (WizLab)
  27 deep trolls
  5 unseen horrors
  2 flayed ghosts (Vaults:3)
  A torturous demonspawn (Zot:5)
  9 wizards
  8 naga ritualists
  A swamp dragon (shapeshifter) (WizLab)
  17 deep elf archers
  14 ironbrand convokers
  5 phantasmal warriors
  Pikel (D:9)
  A lindwurm (shapeshifter) (Vaults:3)
  2 lindwurms (Depths:5)
  2 orc sorcerers
  9 mana vipers
  7 necromancers
  7 orc knights
  17 harpies
  3 tengu zombies (Vaults:3)
  68 deep elf magi
  A sphinx skeleton (Vaults:3)
  58 ugly things
  4 wolf spiders
  A fire giant zombie (Vaults:3)
  2 orb spiders (shapeshifter)
  12 salamanders
  2 oklob plants (Zot:4)
  14 fauns
  19 vault sentinels
  A cyclops (shapeshifter) (WizLab)
  12 manticores
  A faun (shapeshifter) (WizLab)
  A moth of wrath (shapeshifter) (Vaults:5)
  13 cyclopes
  23 moths of wrath
  5 guardian serpents
  10 apocalypse crabs (Zot:2)
  Joseph (D:7)
  14 merfolk sirens
  2 molten gargoyles (Lair:4)
  An eye of devastation (shapeshifter) (Depths:1)
  A black mamba (shapeshifter) (WizLab)
  An eye of devastation (Depths:1)
  A rust devil (Depths:3)
  An elephant (D:10)
  A smoke demon (D:14)
  25 black mambas
  2 guardian serpents (shapeshifter)
  18 naga magi
  2 torpor snails
  Psyche (D:8)
  10 spiny frogs
  4 water nymphs
  4 gargoyles
  3 kobold demonologists
  A spiny frog (shapeshifter) (Vaults:2)
  A centaur skeleton (D:15)
  A water nymph (shapeshifter) (Vaults:5)
  2 efreet
  A redback zombie (D:15)
  2 hellions
  7 komodo dragons
  A komodo dragon (shapeshifter) (WizLab)
  2 rime drakes
  A tormentor (Zot:5)
  A demonic crawler (D:15)
  16 freezing wraiths
  2 rime drakes (shapeshifter)
  51 yaktaurs
  An elf (WizLab)
  3 ice devils
  14 trolls
  A red devil (D:6)
  2 tengu conjurers (Depths:1)
  3 jumping spiders
  A jumping spider (shapeshifter) (Vaults:4)
  A polar bear (Lair:1)
  A troll (shapeshifter) (WizLab)
  2 wind drakes (shapeshifter)
  2 merfolk (shapeshifter)
  A polar bear (shapeshifter) (Vaults:3)
  Prince Ribbit (D:8)
  3 meliai (D:14)
  9 hornets
  17 merfolk
  10 wind drakes
  2 dream sheep (shapeshifter) (WizLab)
  3 hippogriffs (shapeshifter)
  A raiju (shapeshifter) (WizLab)
  8 snapping turtles
  2 blink frogs (shapeshifter)
  A snapping turtle (shapeshifter) (Depths:4)
  17 hippogriffs
  24 blink frogs
  2 dream sheep (D:8)
  7 large abominations (WizLab)
  A stone giant simulacrum (Vaults:3)
  2 air elementals
  An ettin skeleton (Vaults:4)
  5 redbacks
  16 water elementals
  4 wyverns
  3 shadows
  2 wraiths
  2 vampires
  A yak (shapeshifter) (Vaults:5)
  14 yaks
  5 spriggans
  A redback (shapeshifter) (WizLab)
  A fire elemental (Elf:1)
  5 golden eyes (Depths:5)
  3 humans (WizLab)
  An elf zombie (Vaults:4)
  2 basilisks (shapeshifter)
  2 hogs (shapeshifter)
  5 steam dragons
  Grum (D:9)
  4 basilisks
  A death yak simulacrum (IceCv)
  A chaos spawn (D:15)
  6 wargs
  3 hungry ghosts
  10 vampire mosquitoes
  71 nagas
  Menkaure (D:7)
  A naga (shapeshifter) (Vaults:3)
  An acid dragon (D:15)
  An acid dragon (shapeshifter) (WizLab)
  8 water moccasins
  5 floating eyes
  8 porcupines
  A hell hound (Zot:4)
  12 ice beasts
  2 sky beasts (D:10)
  3 slaves (D:9)
  An ettin simulacrum (Vaults:2)
  5 eyes of draining
  A black bear (D:10)
  30 orc warriors
  4 phantoms
  2 swamp drakes (Depths:5)
  A boggart (shapeshifter) (Depths:2)
  A necrophage (D:12)
  A tengu (shapeshifter) (WizLab)
  12 wolves
  3 boggarts (Depths:3)
  59 ogres
  14 centaurs
  16 crocodiles
  11 small abominations
  7 big kobolds
  A bullfrog (shapeshifter) (WizLab)
  15 bullfrogs
  6 wyvern zombies
  3 earth elementals
  A human skeleton (Vaults:3)
  A wyvern skeleton (D:13)
  10 scorpions
  A water moccasin skeleton (D:9)
  10 killer bees
  11 wights
  8 howler monkeys
  3 electric eels
  A howler monkey (shapeshifter) (WizLab)
  7 centaur zombies
  10 crimson imps
  A quasit (D:10)
  3 bullfrog zombies
  7 lava snakes
  8 draconian simulacra (IceCv)
  6 human zombies
  20 orc priests
  8 hounds
  3 bullfrog skeletons
  29 jellies
  20 orc wizards
  Ijyb (D:3)
  Terence (D:3)
  5 iguanas
  8 worker ants
  A spriggan simulacrum (IceCv)
  A troll simulacrum (IceCv)
  A hell rat (D:7)
  3 wolf simulacra (IceCv)
  2 killer bee zombies
  3 big kobold zombies (Ossuary)
  5 centaur simulacra (IceCv)
  3 hound skeletons
  3 mummies (Ossuary)
  A worker ant zombie (D:7)
  4 gnolls (Bailey)
  A howler monkey skeleton (D:4)
  27 adders
  2 naga simulacra (IceCv)
  3 ogre simulacra (IceCv)
  6 river rats (D:7)
  4 scorpion zombies (Ossuary)
  3 shadow imps
  13 white imps
  An ufetubus (D:6)
  An ooze (D:1)
  3 adder skeletons
  An adder zombie (D:8)
  5 worms (D:2)
  A worm (shapeshifter) (Depths:4)
  5 dart slugs
  3 leopard geckos
  110 orcs
  4 bats
  2 giant cockroaches
  14 goblins
  20 hobgoblins
  10 jackals
  12 quokkas
  2 ball pythons (D:4)
  7 frilled lizards
  A gnoll zombie (Ossuary)
  2 goblin zombies (Ossuary)
  A hobgoblin zombie (Ossuary)
  A jackal skeleton (D:6)
  13 kobolds
  2 kobold zombies (Ossuary)
  2 leopard gecko skeletons
  2 orc zombies (Ossuary)
  3 quokka skeletons
  A quokka zombie (D:7)
  23 rats
  10 fungi
  12 plants
  2 tentacles (Shoals:4)
2520 creatures vanquished.

Vanquished Creatures (others)
  A deep elf master archer (Elf:3)
  A very ugly thing (Depths:3)
  3 stone giants
  A spriggan air mage (Depths:3)
  A merfolk aquamancer (Shoals:2)
  29 dancing weapons
  A deep troll earth mage (Depths:4)
  2 deep elf knights
  An iron troll (Depths:3)
  6 deep elf archers
  3 deep elf magi
  A faun (Shoals:4)
  2 yaktaurs
  A merfolk (Shoals:4)
  2 slime creatures (Depths:3)
  A water elemental (Shoals:2)
  A fire elemental (Elf:2)
  A slave (D:9)
  4 boggarts (Depths:3)
  2 scorpions (Ossuary)
  A wight (D:13)
  An iguana (Lair:6)
  An adder (D:9)
  5 fungi
  29 plants
  4 tentacles (Shoals:4)
105 creatures vanquished.

Grand Total: 2625 creatures vanquished

Notes
Turn   | Place    | Note
-------+----------+-------------------------------------------
     0 | D:1      | Gall2222 the Formicid Fighter began the quest for the Orb.
     0 | D:1      | Reached XP level 1. HP: 18/18 MP: 1/1
   137 | D:1      | Reached XP level 2. HP: 24/24 MP: 2/2
   336 | D:1      | Reached XP level 3. HP: 29/29 MP: 3/3
   718 | D:1      | You fall into a shaft and drop 1 floor!
   925 | D:2      | Reached XP level 4. HP: 33/37 MP: 4/4
  1554 | D:2      | Reached XP level 5. HP: 37/42 MP: 5/5
  1606 | D:2      | Found a snail-covered altar of Cheibriados.
  2022 | D:3      | Noticed Terence
  2033 | D:3      | Killed Terence
  2120 | D:3      | You fall into a shaft and drop 2 floors!
  2120 | D:5      | Entered Level 5 of the Dungeon
  2121 | D:5      | Noticed an ogre
  2121 | D:5      | Noticed a phantom
  2128 | D:5      | Killed an ogre
  2128 | D:5      | Reached XP level 6. HP: 35/48 MP: 3/6
  2130 | D:5      | Noticed an ice beast
  2134 | D:5      | Killed an ice beast
  2134 | D:5      | Reached skill level 5 in Shields
  2161 | D:5      | Noticed an ogre
  2167 | D:5      | Killed a phantom
  2167 | D:5      | Reached XP level 7. HP: 31/55 MP: 3/7
  2218 | D:5      | Reached skill level 5 in Long Blades
  2287 | D:5      | Found an opulent altar of Gozag.
  2317 | D:5      | Became a worshipper of Gozag Ym Sagoz the Greedy
  2321 | D:5      | Found a sand-covered staircase.
  2326 | Ossuary  | Entered an ossuary
  2337 | Ossuary  | Reached skill level 5 in Fighting
  2337 | Ossuary  | Reached skill level 5 in Armour
  2653 | Ossuary  | Reached XP level 8. HP: 54/62 MP: 8/8
  3427 | D:4      | Got an iridescent war axe
  3428 | D:4      | Identified the +7 war axe of Dunyhedd {vamp, rElec} (You
                  | found it on level 4 of the Dungeon)
  3473 | D:4      | Reached skill level 1 in Axes
  3473 | D:4      | Reached XP level 9. HP: 64/69 MP: 9/9
  4024 | D:3      | Found an ancient bone altar of Kikubaaqudgha.
  4050 | D:3      | Noticed Ijyb
  4065 | D:3      | Killed Ijyb
  4635 | D:6      | Found a staircase to the Ecumenical Temple.
  5087 | D:6      | Found a hazy altar of Hepliaklqana.
  5088 | D:6      | Found a shimmering altar of Xom.
  5089 | D:6      | Noticed a spectral ugly thing
  5698 | D:7      | Found an ornate altar of the Wu Jian Council.
  5700 | D:7      | Noticed Menkaure
  5706 | D:7      | Killed Menkaure
  5788 | D:7      | Reached skill level 5 in Axes
  5788 | D:7      | Reached XP level 10. HP: 71/79 MP: 10/10
  5798 | D:7      | Noticed Joseph
  5825 | D:7      | Killed Joseph
  6832 | D:8      | Found a stormy altar of Qazlal.
  6924 | D:8      | Noticed Prince Ribbit
  6930 | D:8      | Killed Prince Ribbit
  6993 | D:8      | Noticed Psyche
  7005 | D:8      | Killed Psyche
  7285 | D:8      | Reached XP level 11. HP: 77/87 MP: 11/11
  7332 | D:8      | Noticed a three-headed hydra
  7341 | D:8      | Killed a one-headed hydra
  7508 | D:9      | Noticed Pikel
  7522 | D:9      | Killed Pikel
  7751 | D:9      | Found a white marble altar of Elyvilon.
  7820 | D:9      | Noticed Grum
  7845 | D:9      | Killed Grum
  7859 | D:9      | Found a flagged portal.
  7918 | Bailey   | Entered a bailey
  7961 | Bailey   | Found an iron altar of Okawaru.
  7961 | Bailey   | Noticed an orc sorcerer
  7961 | Bailey   | Noticed an orc knight
  7974 | Bailey   | Reached skill level 10 in Shields
  7976 | Bailey   | Killed an orc sorcerer
  7978 | Bailey   | Killed an orc knight
  8755 | Bailey   | Got a scorched large shield
  8766 | Bailey   | Identified the +3 large shield of Alujaew {+Fly MR+ Dex-3}
                  | (You found it in a bailey)
  8841 | D:9      | Found a shimmering blue altar of Sif Muna.
  8919 | D:10     | Entered Level 10 of the Dungeon
  8944 | D:10     | Reached XP level 12. HP: 96/96 MP: 12/12
  9114 | D:10     | Found a staircase to the Lair.
  9114 | D:10     | Noticed a death yak
  9159 | D:10     | Killed a death yak
  9184 | D:10     | Reached skill level 10 in Axes
  9201 | D:10     | Found a runed translucent door.
  9290 | D:10     | Found a runed translucent door.
  9363 | D:10     | Noticed a two-headed ogre
  9373 | D:10     | Killed a two-headed ogre
  9373 | D:10     | Reached skill level 10 in Fighting
  9373 | D:10     | Reached skill level 10 in Armour
  9416 | D:10     | Got a slimy scale mail
  9417 | D:10     | Identified the +2 scale mail "Coavyceh" {Str+3} (You found
                  | it on level 10 of the Dungeon)
  9819 | D:10     | Noticed an unseen horror
  9978 | D:10     | Killed an unseen horror
 10141 | D:11     | Noticed Sonja
 10142 | D:11     | Noticed Sonja
 10142 | D:11     | Sonja changed into Sonja the spiny frog
 10147 | D:11     | Killed Sonja the spiny frog
 10588 | D:11     | Reached XP level 13. HP: 62/104 MP: 13/13
 11120 | Lair:1   | Entered Level 1 of the Lair of Beasts
 11172 | Lair:1   | Found a frozen archway.
 11195 | IceCv    | Entered an ice cave
 11640 | IceCv    | Found an ancient bone altar of Kikubaaqudgha.
 12028 | IceCv    | Got a steaming silver ring
 12056 | IceCv    | Identified the ring "Orih" {Ice Str+2 Dex+2} (You found it
                  | in an ice cave)
 12418 | Lair:1   | Noticed a six-headed hydra
 12428 | Lair:1   | Killed a one-headed hydra
 12993 | Lair:2   | Noticed a five-headed hydra
 13029 | Lair:2   | Killed a one-headed hydra
 13629 | Lair:2   | Found a staircase to the Shoals.
 13965 | Lair:3   | Noticed a six-headed hydra
 13990 | Lair:3   | Reached XP level 14. HP: 113/113 MP: 14/14
 14711 | Lair:3   | You fall into a shaft and drop 2 floors!
 14876 | Lair:5   | You fall into a shaft and drop 1 floor!
 14876 | Lair:6   | Entered Level 6 of the Lair of Beasts
 15528 | Lair:6   | Found a viscous altar of Jiyva.
 15528 | Lair:6   | Found a staircase to the Slime Pits.
 16168 | Lair:4   | Found a staircase to the Snake Pit.
 17996 | D:12     | Found a staircase to the Orcish Mines.
 18119 | D:12     | Reached XP level 15. HP: 122/122 MP: 15/15
 18439 | D:12     | Found Duleheho's Weapon Boutique.
 19516 | D:13     | Noticed a fire giant
 19516 | D:13     | Noticed a tengu reaver
 19519 | D:13     | Noticed a war gargoyle
 19530 | D:13     | Killed a fire giant
 19540 | D:13     | Killed a war gargoyle
 19560 | D:13     | Killed a tengu reaver
 19726 | D:13     | Found a roughly hewn altar of Beogh.
 19846 | D:13     | Reached skill level 15 in Axes
 19984 | D:13     | Found a gate to the Vaults.
 20218 | D:14     | Found Dabeih's Antique Armour Emporium.
 20218 | D:14     | Found Plog's Weapon Emporium.
 20347 | D:14     | Bought a +2 battleaxe of flaming for 284 gold pieces
 20361 | D:14     | Found Lakhlaj's Antique Weapon Emporium.
 20453 | D:14     | Found Sefoavu's Weapon Shoppe.
 20544 | D:14     | Found Izxah's Distillery.
 21108 | D:15     | Entered Level 15 of the Dungeon
 21156 | D:15     | Reached XP level 16. HP: 72/131 MP: 16/16
 22112 | D:15     | Found a staircase to the Depths.
 22739 | Orc:1    | Entered Level 1 of the Orcish Mines
 22830 | Orc:1    | Found Deugg's Assorted Antiques.
 22840 | Orc:1    | Found a roughly hewn altar of Beogh.
 22859 | Orc:1    | Bought a potion of heal wounds for 90 gold pieces
 23019 | Orc:2    | Entered Level 2 of the Orcish Mines
 23019 | Orc:2    | Found Urudoen's Assorted Antiques.
 23069 | Orc:2    | Reached skill level 15 in Shields
 23070 | Orc:2    | Noticed Saint Roka
 23105 | Orc:2    | Killed Saint Roka
 23333 | Orc:2    | Reached XP level 17. HP: 140/140 MP: 17/17
 23366 | Orc:2    | Found Faituph's Armour Emporium.
 23366 | Orc:2    | Found Duikhlui's Antique Weapon Boutique.
 23366 | Orc:2    | Found Mielauf's Magic Scroll Boutique.
 23366 | Orc:2    | Found Ytidwiv's Book Shoppe.
 23522 | Orc:2    | Found a staircase to the Elven Halls.
 23817 | Snake:1  | Entered Level 1 of the Snake Pit
 24086 | Snake:1  | Noticed Louise
 24111 | Snake:1  | Killed Louise
 25075 | Snake:2  | Reached skill level 15 in Fighting
 25111 | Snake:2  | Noticed Mame's ghost (journeyman HOFi)
 25112 | Snake:2  | Found the +15 Maxwell's patent armour {-Cast -Tele rElec
                  | MR+ rCorr}
 25112 | Snake:2  | Found a runed translucent door.
 25148 | Snake:2  | Killed Mame's ghost
 25148 | Snake:2  | Reached skill level 15 in Armour
 25559 | Snake:2  | Found Lappeto's Antique Weapon Boutique.
 25563 | Snake:2  | Noticed Vashnia
 25634 | Snake:2  | Killed Vashnia
 26118 | Snake:3  | Reached XP level 18. HP: 109/149 MP: 18/18
 26792 | Snake:4  | Entered Level 4 of the Snake Pit
 27900 | Snake:4  | Reached XP level 19. HP: 157/157 MP: 19/19
 28113 | Snake:4  | Got a serpentine rune of Zot
 28442 | Shoals:1 | Entered Level 1 of the Shoals
 28600 | Shoals:1 | Found Yhoy's Antique Weapon Shop.
 29134 | Orc:2    | Bought a +2 pair of boots of flying for 301 gold pieces
 30480 | Shoals:3 | Found Bysibulu's Island Escapes.
 31281 | Vaults:1 | Entered Level 1 of the Vaults
 31799 | Vaults:1 | Reached XP level 20. HP: 168/168 MP: 20/20
 34360 | Vaults:3 | Reached XP level 21. HP: 176/176 MP: 21/21
 34751 | Vaults:3 | Noticed Donald
 34761 | Vaults:3 | Killed Donald
 35393 | Vaults:3 | Noticed Asterion
 35422 | Vaults:3 | Killed Asterion
 35514 | Vaults:3 | Found a staircase to the Crypt.
 36478 | Vaults:4 | Reached XP level 22. HP: 186/186 MP: 22/22
 36769 | Vaults:4 | Found Lathuto's Assorted Antiques.
 36777 | Vaults:4 | Bought a pair of embroidered gloves for 270 gold pieces
 37219 | Orc:2    | Bought the +18 shield of the Gong {rElec rN+ MR+ EV-5} for
                  | 2237 gold pieces
 37219 | Orc:2    | Found the +18 shield of the Gong {rElec rN+ MR+ EV-5}
 37219 | Orc:2    | Bought a potion of might for 92 gold pieces
 37223 | Orc:2    | Bought the amulet of the Grey Skies {Reflect rF+ MR+++
                  | Int-3 Slay+2 SH+2} for 522 gold pieces
 37262 | Orc:2    | Bought the +7 battleaxe of Agoup {vamp, rC- MR+ Int+6} for
                  | 1163 gold pieces
 37422 | Depths:1 | Entered Level 1 of the Depths
 37435 | Depths:1 | Found a one-way gate leading to the halls of Pandemonium.
 37619 | Depths:1 | Found a gateway to Hell.
 37634 | Depths:1 | Found a one-way gate to the infinite horrors of the Abyss.
 37752 | Depths:1 | Found a gateway to a ziggurat.
 37889 | Depths:1 | Found a bloodstained altar of Trog.
 38168 | Depths:2 | Noticed a caustic shrike
 38168 | Depths:2 | Noticed a caustic shrike
 38212 | Depths:2 | Killed a caustic shrike
 38214 | Depths:2 | Killed a caustic shrike
 38283 | Depths:2 | Reached XP level 23. HP: 194/194 MP: 23/23
 38288 | Depths:2 | Got an ancient cloak
 38289 | Depths:2 | Identified the +0 cloak of Midwinter {Str+3} (You found it
                  | on level 2 of the Depths)
 38309 | Depths:2 | Found a magical portal.
 38770 | WizLab   | Identified Cigotuvi's Reference Book on Doomed
                  | Transmigration
 39061 | WizLab   | Got a shimmering steel amulet
 39420 | Depths:2 | Identified the amulet of the Unstoppable Orbs {Gourm Int+4}
                  | (You found it in a wizard's laboratory)
 39890 | Depths:3 | Noticed Sojobo
 39991 | Depths:3 | Killed Sojobo
 40225 | Depths:3 | Reached XP level 24. HP: 195/204 MP: 23/23
 41413 | Depths:4 | Identified the +5 shortbow of Armageddon {venom, rF- rN+
                  | Int+5}
 41417 | Depths:4 | Identified the cursed +0 chain mail "Ussev" {Str+4}
 41978 | Depths:4 | Noticed an ancient lich
 42002 | Depths:4 | Killed an ancient lich
 42059 | Depths:4 | Reached XP level 25. HP: 213/213 MP: 23/23
 42391 | Depths:5 | Entered Level 5 of the Depths
 42455 | Depths:5 | Identified the ring "Ufofruen" {MR+ Dex+4 Stlth+}
 43135 | Depths:5 | Identified the amulet "Ynotecken" {Acrobat +Inv Int+4}
 43378 | Depths:5 | Found a gate to the Realm of Zot.
 43530 | Depths:5 | Bought a pair of smoking boots for 427 gold pieces
 43530 | Depths:5 | Identified the +0 pair of boots of Pudoaz {rC+ rN+} (You
                  | bought it in a shop on level 5 of the Depths)
 43806 | Elf:1    | Entered Level 1 of the Elven Halls
 43833 | Elf:1    | Noticed Agnes
 43845 | Elf:1    | Killed Agnes
 44246 | Elf:1    | Found Sepomog's Antique Weapon Shoppe.
 44682 | Elf:2    | Found Cuvig's Antique Weapon Boutique.
 44696 | Elf:2    | Reached XP level 26. HP: 190/223 MP: 23/23
 45022 | Orc:2    | Bought a scroll of acquirement for 832 gold pieces
 45077 | Elf:3    | Entered Level 3 of the Elven Halls
 45286 | Elf:2    | Found a runed translucent gate.
 45286 | Elf:2    | Found a runed translucent gate.
 45296 | Elf:2    | Found a runed translucent gate.
 45819 | Elf:3    | Found Foutyxug's Distillery.
 45824 | Elf:3    | Found Geaqom's Assorted Antiques.
 46206 | Elf:3    | Found Wetom's Food Shoppe.
 46206 | Elf:3    | Found Edulilag's Jewellery Boutique.
 46343 | Elf:3    | Identified the +2 leather armour of Satisfaction {rF+++ rC+
                  | Str-2 Stlth+}
 46536 | Elf:3    | Identified the cursed +3 scimitar of Quseodif {drain, rElec
                  | rC+}
 46881 | Elf:3    | Identified the Compendium of Intimidation
 46973 | Elf:3    | Found the +8 longbow "Zephyr" {speed, Dex+3 SInv}
 46979 | Elf:3    | Found the +3 pair of gauntlets of War {Slay+5}
 47021 | Elf:3    | Bought a smoking battleaxe for 276 gold pieces
 47021 | Elf:3    | Identified the cursed +1 battleaxe of the Gnat {chop, rF+
                  | Dex+2} (You bought it in a shop on level 3 of the Elven
                  | Halls)
 47313 | Vaults:5 | Entered Level 5 of the Vaults
 47329 | Vaults:5 | Noticed an ancient lich
 47331 | Vaults:5 | Identified the +3 leather armour of Beogh's Castigation
                  | {rElec rF++ Str-5 Int+2}
 47365 | Vaults:5 | Killed an ancient lich
 47365 | Vaults:5 | Reached XP level 27. HP: 223/235 MP: 23/23
 47389 | Vaults:5 | Noticed an ancient lich
 47407 | Vaults:5 | Killed an ancient lich
 47497 | Vaults:5 | Got a silver rune of Zot
 47655 | Vaults:5 | Identified the +4 battleaxe "Woadeeq" {drain, MR+}
 48362 | Vaults:5 | Got a pitted glass ring
 48510 | Vaults:5 | Identified the ring "Saagheag" {Wiz rPois rC++ rN+ Str-4}
                  | (You found it on level 5 of the Vaults)
 48640 | Vaults:5 | Identified the +8 short sword "Qongo" {freeze, rPois}
 48682 | Vaults:5 | Identified the +0 robe of Happy Babbling {MR+ Str+2}
 48686 | Vaults:5 | Identified the cursed +0 lajatang "Wiphashrura" {chaos, rN+
                  | MR+ Int+5 Dex-5}
 48686 | Vaults:5 | Identified the +1 robe of Trog's Vengeance {rF+ Dex+4}
 48686 | Vaults:5 | Identified the +9 hand axe of the Ancients {protect, MR++}
 48724 | Vaults:5 | Identified the Catalogue of Damaging Self-Improvement
 49659 | Shoals:4 | Entered Level 4 of the Shoals
 50619 | Shoals:4 | Got a barnacled rune of Zot
 51286 | Zot:1    | Entered Level 1 of the Realm of Zot
 51631 | Zot:1    | You are sucked into a shaft and drop 1 floor!
 51710 | Zot:2    | Noticed an orb of fire
 51713 | Zot:2    | Gained mutation: Your spells are a little easier to cast,
                  | but a little less powerful. [an orb of fire]
 51717 | Zot:2    | Gained mutation: Your spells are easier to cast, but less
                  | powerful. [an orb of fire]
 51718 | Zot:2    | Gained mutation: You occasionally shout uncontrollably at
                  | your foes. [an orb of fire]
 51733 | Zot:2    | Killed an orb of fire
 53705 | Zot:3    | You are sucked into a shaft and drop 1 floor!
 54040 | Zot:4    | Noticed an orb of fire
 54055 | Zot:4    | Gained mutation: You are clumsy. (Dex -2) [an orb of fire]
 54069 | Zot:4    | Gained mutation: You are dopey. (Int -2) [an orb of fire]
 54070 | Zot:4    | Killed an orb of fire
 55844 | Zot:3    | Reached skill level 27 in Fighting
 55852 | Zot:3    | Reached skill level 27 in Armour
 55871 | Zot:3    | Reached skill level 1 in Dodging
 56067 | Zot:5    | Entered Level 5 of the Realm of Zot
 56420 | Zot:5    | Reached skill level 5 in Dodging
 56704 | Zot:5    | Noticed a Killer Klown
 56722 | Zot:5    | Killed a Killer Klown
 56840 | Zot:5    | Noticed an ancient lich
 56848 | Zot:5    | Killed an ancient lich
 56862 | Zot:5    | Noticed an orb of fire
 56870 | Zot:5    | Gained mutation: You are frail. (-10% HP) [an orb of fire]
 56885 | Zot:5    | Killed an orb of fire
 56890 | Zot:5    | Lost mutation: You occasionally shout uncontrollably at
                  | your foes. [potion of mutation]
 56890 | Zot:5    | Lost mutation: You are frail. (-10% HP) [potion of
                  | mutation]
 56890 | Zot:5    | Gained mutation: You are resistant to hostile enchantments.
                  | (MR+) [potion of mutation]
 56890 | Zot:5    | Gained mutation: Scrolls take you a little longer to read.
                  | [potion of mutation]
 56890 | Zot:5    | Gained mutation: You are robust. (+10% HP) [potion of
                  | mutation]
 56890 | Zot:5    | Gained mutation: You possess an exceptional clarity of
                  | mind. [potion of mutation]
 57198 | Zot:5    | Noticed an orb of fire
 57199 | Zot:5    | Noticed a Killer Klown
 57233 | Zot:5    | Killed an orb of fire
 57233 | Zot:5    | Noticed an orb of fire
 57243 | Zot:5    | Gained mutation: You are weak. (Str -2) [an orb of fire]
 57249 | Zot:5    | Killed an orb of fire
 57249 | Zot:5    | Reached skill level 10 in Dodging
 57249 | Zot:5    | Noticed an orb of fire
 57253 | Zot:5    | Gained mutation: You are very clumsy. (Dex -4) [an orb of
                  | fire]
 57268 | Zot:5    | Killed an orb of fire
 57268 | Zot:5    | Noticed an orb of fire
 57280 | Zot:5    | Killed an orb of fire
 57280 | Zot:5    | Noticed an orb of fire
 57287 | Zot:5    | Gained mutation: Scrolls take you longer to read. [an orb
                  | of fire]
 57293 | Zot:5    | Killed an orb of fire
 57293 | Zot:5    | Noticed an orb of fire
 57295 | Zot:5    | Gained mutation: Armour fits poorly on your strangely
                  | shaped body. [an orb of fire]
 57301 | Zot:5    | Killed an orb of fire
 57306 | Zot:5    | Noticed an orb of fire
 57312 | Zot:5    | Killed an orb of fire
 57343 | Zot:5    | Noticed an orb of fire
 57361 | Zot:5    | Killed an orb of fire
 57369 | Zot:5    | Killed a Killer Klown
 57377 | Zot:5    | Noticed an orb of fire
 57384 | Zot:5    | Killed an orb of fire
 57384 | Zot:5    | Noticed a Killer Klown
 57388 | Zot:5    | Killed a Killer Klown
 57393 | Zot:5    | Noticed an ancient lich
 57398 | Zot:5    | Killed an ancient lich
 57430 | Zot:5    | Identified the +10 falchion of Dust {venom, rElec Dex-2
                  | Stlth+}
 57553 | Zot:5    | Lost mutation: Scrolls take you longer to read. [potion of
                  | mutation]
 57553 | Zot:5    | Lost mutation: Armour fits poorly on your strangely shaped
                  | body. [potion of mutation]
 57553 | Zot:5    | Lost mutation: Your spells are easier to cast, but less
                  | powerful. [potion of mutation]
 57553 | Zot:5    | Lost mutation: Your spells are a little easier to cast, but
                  | a little less powerful. [potion of mutation]
 57554 | Zot:5    | Lost mutation: Scrolls take you a little longer to read.
                  | [potion of mutation]
 57554 | Zot:5    | Lost mutation: You are very clumsy. (Dex -4) [potion of
                  | mutation]
 57554 | Zot:5    | Lost mutation: You are resistant to hostile enchantments.
                  | (MR+) [potion of mutation]
 57554 | Zot:5    | Lost mutation: You are dopey. (Int -2) [potion of mutation]
 57554 | Zot:5    | Gained mutation: Your flesh is heat resistant. (rF+)
                  | [potion of mutation]
 57554 | Zot:5    | Gained mutation: You are very robust. (+20% HP) [potion of
                  | mutation]
 57671 | Zot:5    | Reached skill level 15 in Dodging
 57733 | Zot:5    | Noticed an ancient lich
 57749 | Zot:5    | Killed an ancient lich
 58236 | Zot:5    | Got the Orb of Zot
 58809 | D:15     | Noticed Zoplese the pandemonium lord
 58826 | D:15     | Killed Zoplese the pandemonium lord
 58920 | D:14     | Noticed a seraph
 58999 | D:12     | Noticed Ufiollas the pandemonium lord
 59176 | D:6      | Noticed Ogokooc the pandemonium lord
 59208 | D:6      | Killed Ogokooc the pandemonium lord
 59614 | D:$      | Escaped with the Orb!

Levels and vault maps discovered:
D:1:      dpeg_arrival_ratfight, layout_loops_corners, serial_bayou_pond_a
D:2:      layout_loops_corners, kennysheep_slug_shrine, hangedman_decor_push,
          chequers_garden, dk_vineyard_1
D:3:      layout_loops_ring, lemuel_crystal_altar, uniq_ijyb, uniq_terence
D:4:      layout_rooms
D:5:      layout_rooms, marbit_many_paths, gammafunk_temple_overflow_elements,
          first_ration, nicolae_ossuary_entry_ruins, nicolae_gozag_seed_capital
D:6:      layout_loops_corners, regret_index_temple_of_mockery,
          minmay_temple_entry_waves
D:7:      lemuel_ratsnest, layout_loops_ring, kennysheep_mini, uniq_menkaure,
          uniq_joseph
D:8:      layout_loops_ring, hangedman_ranch [blue_anna_fruit_fields],
          nicolae_wwwww, nicolae_qazlal_eye_of_the_storm, uniq_prince_ribbit1,
          uniq_psyche
D:9:      layout_rooms, kennysheep_mini_moat, enter_bailey_8,
          lemuel_blue_sif_altar, uniq_grum, uniq_pikel
D:10:     cheibrodos_histonic, layout_basic, david_lair_generic,
          chequers_serial_rivers_small_3, nicolae_twisting_strands
D:11:     layout_stronghold, minivault_27, uniq_sonja
D:12:     layout_gridville, hiddenorc2_lemuel, serial_shops, nicolae_shop_stone,
          small_statue_intersection
D:13:     minmay_glassy_protrusions, layout_basic, david_vaults_1, special_room
          [special_room_orc]
D:14:     kennysheep_room_grid, layout_long_grid, serial_glass, glass_columns_a,
          glass_columns_b, glass_columns_c, columned_hall_lemuel, serial_shops,
          shop, shop, shop, nicolae_shop_overgrown_old_shop,
          nicolae_shop_crystal
D:15:     grunt_enter_depths_snipers, layout_basic, serial_bayou_pond_d
Lair:1:   layout_gridlike, portal_ice_cave_demonic_guard
Lair:2:   minmay_lair_venomous_thicket, layout_chaotic_city,
          minmay_shoals_entry_beasts, chequers_serial_rivers_micro_b,
          grunt_megastairs_2
Lair:3:   layout_small_grid
Lair:4:   cheibrodos_magma_flow, layout_regular_city,
          minmay_snake_entry_guardpost_large, serial_bayou, serial_bayou_ford_a,
          serial_bayou_pond_a, serial_bayou_lake_a, serial_bayou_pond_d,
          minmay_lair_oklob_chamber, lemuel_fruit_fields, serial_bayou_shore_b
Lair:5:   layout_regular_city, minmay_lindwurm_lava
Lair:6:   guppyfry_lair_end_dragon, layout_misc_corridors,
          dpeg_slime_entry_enclosed_altar, serial_bayou_shore_b
Shoals:1: layout_shoals, serial_shops, nicolae_shop_behind_doors
Shoals:2: layout_shoals, ldierk_geyser
Shoals:3: layout_shoals, nicolae_island_escapes
Shoals:4: shoals_end_grunt_garden, layout_shoals
Snake:1:  layout_concentric_octagons, drop_trap, uniq_louise
Snake:2:  layout_basic, serial_shops, shop, ebering_ghost_inner_flame,
          uniq_vashnia
Snake:3:  cheibrodos_snake_ritualist_ritual, layout_gridlike
Snake:4:  minmay_snake_end_coiled, layout_layer_cave
Orc:1:    layout_caves, basic_altar, serial_shops, shop,
          david_defended_altar_orc
Orc:2:    st_orc_ogre_mass, layout_caves, serial_shops, nicolae_shop_crystal,
          uniq_saint_roka
Elf:1:    minmay_elf_arrival_plus, layout_gridlike, serial_shops, shop_statue,
          hangedman_elf_represent, uniq_agnes
Elf:2:    layout_loops_ring, serial_shops, nicolae_shop_stone
Elf:3:    elf_hall_gauntlet_wide, layout_geoelf_octagon, serial_shops, shop,
          shop, nicolae_shop_window_shopping, shop, st_stairs_9
Vaults:1: v_misc_24, nicolae_vaults_specimen_jars, vaults_room_ringed_pool,
          ontoclasm_vaults_fault, hangedman_vaults_snaps, v_misc_2,
          hangedman_vaults_hat, hangedman_vaults_stagger,
          vaults_room_guarded_vault, vaults_dpeg_hooks, layout_vaults_omnigrid
Vaults:2: vaults_standard_mumra_lines, nicolae_vaults_network_s,
          vaults_room_glass_cross, nicolae_vaults_puzzle_piece, v_alt_pattern_4,
          v_misc_17, v_misc_32, nicolae_vaults_three_branches,
          vaults_room_hallway, v_misc_25, ontoclasm_vaults_spin,
          nicolae_vaults_little_squares_4, nicolae_vaults_asterisk,
          vaults_room_semicircle, layout_vaults_omnibox
Vaults:3: minmay_crypt_entry_simple_plaza, nicolae_vaults_stairing_the_circle,
          v_misc_10, nicolae_vaults_network_barrier, vaults_room_fancy_cross,
          ontoclasm_vaults_gallery, ontoclasm_vaults_idyll, v_rooms_2,
          vaults_dpeg_diagonal, nicolae_vaults_windows_and_doors_thing,
          vaults_room_hallway, v_alt_pattern_1, layout_vaults_big_room,
          uniq_asterion, uniq_donald
Vaults:4: nicolae_vaults_little_squares_1, v_alt_pattern_2,
          ontoclasm_vaults_decontamination, v_misc_13, vaults_room_pools,
          hangedman_vaults_cutoff, nicolae_vaults_little_squares_1,
          nicolae_vaults_quadrants, nicolae_vaults_little_squares_2,
          v_alt_pattern_1, vaults_room_stairs_pillars,
          nicolae_vaults_circle_grid_b, layout_vaults_maze_bifur, serial_shops,
          nicolae_shop_overgrown_old_shop
Vaults:5
Depths:1: layout_cave_pools, enter_ziggurat_c, pan_entry, abyss_entry,
          hangedman_geh_valley, dk_noncrumbling_3, hangedman_decor_slide_cut,
          evilmike_spriggan_trog_shrine
Depths:2: minmay_the_grid_triangle_9x9_rhombus_full_mashed
          [minmay_the_grid_triangle_9x9_descending_squares,
          minmay_the_grid_triangle_9x9_swiss_cheese,
          minmay_the_grid_triangle_9x9_impossible_snake,
          minmay_the_grid_triangle_9x9_minimal,
          minmay_the_grid_triangle_9x9_flanged_cone,
          minmay_the_grid_triangle_9x9_negative_grid,
          minmay_the_grid_triangle_9x9_odd_lines,
          minmay_the_grid_triangle_9x9_prize_top_heavy], layout_cross,
          hangedman_coc_ice_floe, mu_enter_wizlab_6, pan_entry,
          minmay_alternating_orb
Depths:3: minmay_blocking_statues, layout_cave_shapes, pan_entry,
          grunt_hell_entry_dis_grunt, minmay_fractal_squares_diagonal_5,
          uniq_sojobo
Depths:4: grunt_runaround [grunt_runaround_doors_1, grunt_runaround_doors_2,
          grunt_runaround_doors_3, grunt_runaround_doors_4,
          grunt_runaround_loot], abyss_entry, hell_entry
Depths:5: lemuel_castle_with_subvaults [lemuel_castle_interior_carwin_1],
          layout_cave_pools, lightli_too_deep, kennysheep_doodads,
          minmay_microvault
Zot:1:    layout_onion_interference, hangedman_zot_wheel_spokes, st_stairs_11
Zot:2:    gammafunk_mikee_crab_dinner, layout_onion_interference
Zot:3:    layout_basic
Zot:4:    lemuel_acid_trip, layout_concentric_octagons
Zot:5:    layout_misc_corridors, grunt_ministairs_11, guppyfry_library_mini

Skill      XL: |  1  2  3  4  5  6  7  8  9 10 11 12 13 14 15 16 17 18 19 20 21 22 23 24 25 26 27 |
---------------+----------------------------------------------------------------------------------+-----
Shields        | 4 5 6 7 9 10 11 12 13 14 15 | 15.0
Long Blades    | 3 4 5 6 |  6.7
Fighting       | 4 5 6 7 8 9 10 11 12 13 14 15 16 17 18 19 20 21 23 27 | 27.0
Armour         | 4 5 6 7 8 9 10 11 12 13 14 15 16 17 18 19 20 21 23 27 | 27.0
Axes           | 1 5 7 9 11 12 14 15 16 18 19 20 21 22 23 24 25 26 | 26.0
Dodging        | 18 | 18.0

Action                   |  1- 3 |  4- 6 |  7- 9 | 10-12 | 13-15 | 16-18 | 19-21 | 22-24 | 25-27 || total
-------------------------+-------+-------+-------+-------+-------+-------+-------+-------+-------++-------
Melee: Long sword        |   112 |   116 |   235 |       |       |       |       |       |       ||   463
       War axe           |       |       |   264 |   665 |  1413 |  1526 |  1907 |    73 |       ||  5848
       Falchion          |       |       |       |     4 |       |       |       |       |       ||     4
       Hand axe          |       |       |       |       |    66 |       |       |       |       ||    66
       Battleaxe         |       |       |       |       |     7 |    16 |       |  1159 |  3445 ||  4627
Invok: Call Merchant     |       |       |       |       |       |       |     1 |     6 |     7 ||    14
       Potion Petition   |       |       |       |       |       |       |       |       |     8 ||     8
 Abil: Dig               |       |       |       |     2 |    13 |     1 |     1 |    11 |    30 ||    58
       Stop Flying       |       |       |       |       |       |       |       |     1 |       ||     1
       Evoke Flight      |       |       |       |       |       |       |       |       |     1 ||     1
Evoke: Wand              |       |       |       |     3 |    10 |     2 |       |     1 |       ||    16
  Use: Scroll            |       |     4 |     6 |     6 |    11 |       |       |    16 |    12 ||    55
       Potion            |       |     3 |       |     2 |     4 |     3 |     1 |     1 |    24 ||    38
 Stab: Distracted        |       |       |     2 |     3 |     5 |    10 |    12 |    22 |    30 ||    84
       Invisible         |       |       |       |       |       |       |       |       |     9 ||     9
  Eat: Chunk             |       |     4 |     2 |       |       |       |       |       |       ||     6
       Ration            |       |       |     3 |     5 |    12 |     7 |     9 |     5 |    21 ||    62
Armor: Scale mail        |    52 |    36 |   185 |   158 |   306 |    65 |       |       |       ||   802
       Plate armour      |       |       |       |       |       |   297 |   643 |   439 |  1131 ||  2510
Dodge: Dodged            |    40 |    24 |   155 |   179 |   251 |   186 |   212 |    32 |   132 ||  1211
Block: Shield            |    58 |    55 |   222 |   194 |       |       |       |  1189 |  3216 ||  4934
       Large shield      |       |       |       |   268 |  1310 |  1340 |  1482 |    62 |       ||  4462
       Reflection        |       |       |       |       |       |       |       |    61 |   157 ||   218
       Rpst.: Long sword |     8 |     5 |    25 |       |       |       |       |       |       ||    38

Table legend:
 A = Non-vault XP
 B = Vault XP
 C = Vault XP percentage of total XP
 D = Non-vault monster count
 E = Vault monster count
 F = Vault count percentage of total count
                 A         B        C        D         E       F
            +---------+---------+-------+---------+---------+-------
      Total |  769304 | 1000295 |  56.5 |    1382 |    1127 |  44.9
            +---------+---------+-------+---------+---------+-------
        D:1 |      45 |       5 |  10.0 |      19 |       5 |  20.8
        D:2 |     105 |       4 |   3.7 |      23 |       1 |   4.2
        D:3 |      52 |      72 |  58.1 |      18 |       2 |  10.0
        D:4 |     617 |       0 |   0.0 |      32 |       0 |   0.0
        D:5 |     571 |       0 |   0.0 |      10 |       0 |   0.0
        D:6 |     997 |       0 |   0.0 |      36 |       0 |   0.0
        D:7 |     603 |     772 |  56.1 |      17 |      31 |  64.6
        D:8 |    1203 |    2849 |  70.3 |      27 |      10 |  27.0
        D:9 |    1776 |    1151 |  39.3 |      23 |       5 |  17.9
       D:10 |    4069 |    5765 |  58.6 |      25 |      23 |  47.9
       D:11 |    2251 |     418 |  15.7 |      23 |       1 |   4.2
       D:12 |    8614 |     646 |   7.0 |      42 |      33 |  44.0
       D:13 |    8423 |    9744 |  53.6 |      41 |      21 |  33.9
       D:14 |    6285 |    4410 |  41.2 |      26 |      12 |  31.6
       D:15 |   18501 |    2303 |  11.1 |      46 |       3 |   6.1
     Lair:1 |    4914 |     676 |  12.1 |      18 |       2 |  10.0
     Lair:2 |    3284 |    2429 |  42.5 |      13 |      18 |  58.1
     Lair:3 |   10500 |       0 |   0.0 |      38 |       0 |   0.0
     Lair:4 |    2815 |    2081 |  42.5 |      14 |      13 |  48.1
     Lair:5 |    1039 |       0 |   0.0 |       6 |       0 |   0.0
     Lair:6 |    7697 |     534 |   6.5 |      29 |       5 |  14.7
   Shoals:1 |    7841 |       0 |   0.0 |      16 |       0 |   0.0
   Shoals:2 |   20265 |       0 |   0.0 |      41 |       0 |   0.0
   Shoals:3 |    8244 |       0 |   0.0 |      14 |       0 |   0.0
   Shoals:4 |   17036 |   14081 |  45.3 |      31 |      28 |  47.5
    Snake:1 |   11588 |    1506 |  11.5 |      25 |       1 |   3.8
    Snake:2 |   17152 |   10305 |  37.5 |      35 |       7 |  16.7
    Snake:3 |   15825 |    2778 |  14.9 |      33 |       5 |  13.2
    Snake:4 |   30145 |   23534 |  43.8 |      52 |      42 |  44.7
      Orc:1 |    1426 |       0 |   0.0 |      21 |       0 |   0.0
      Orc:2 |    3053 |   25342 |  89.2 |      17 |      53 |  75.7
      Elf:1 |   22376 |    8635 |  27.8 |      35 |      10 |  22.2
      Elf:2 |   27743 |   24601 |  47.0 |      46 |      29 |  38.7
      Elf:3 |   17904 |   30550 |  63.0 |      29 |      22 |  43.1
   Vaults:1 |   18009 |   18792 |  51.1 |      28 |      26 |  48.1
   Vaults:2 |   32835 |   31664 |  49.1 |      62 |      39 |  38.6
   Vaults:3 |   33632 |   31071 |  48.0 |      45 |      45 |  50.0
   Vaults:4 |   24977 |   12516 |  33.4 |      42 |      12 |  22.2
   Vaults:5 |   15777 |  148797 |  90.4 |      25 |      96 |  79.3
   Depths:1 |   17125 |    6757 |  28.3 |      20 |      10 |  33.3
   Depths:2 |   26298 |   45495 |  63.4 |      29 |      35 |  54.7
   Depths:3 |   28041 |   34284 |  55.0 |      45 |      24 |  34.8
   Depths:4 |     867 |  118441 |  99.3 |       3 |      95 |  96.9
   Depths:5 |   19442 |   54272 |  73.6 |      19 |      41 |  68.3
      Zot:1 |   59857 |    7460 |  11.1 |      32 |       3 |   8.6
      Zot:2 |   59904 |   13897 |  18.8 |      28 |      12 |  30.0
      Zot:3 |   16171 |       0 |   0.0 |      11 |       0 |   0.0
      Zot:4 |   72794 |   48531 |  40.0 |      40 |      54 |  57.4
      Zot:5 |   58616 |  207602 |  78.0 |      32 |      53 |  62.4
    Ossuary |       0 |     975 | 100.0 |       0 |      32 | 100.0
     Bailey |       0 |    2993 | 100.0 |       0 |      41 | 100.0
      IceCv |       0 |    5826 | 100.0 |       0 |      53 | 100.0
     WizLab |       0 |   35731 | 100.0 |       0 |      74 | 100.0
            +---------+---------+-------+---------+---------+-------
